 Dungeon Crawl Stone Soup version 0.29.1-1-gd02db6906a (webtiles) character file.

Game seed: 14437255869959404688

230 safid the Shooter (level 5, -5/67 HPs)
             Began as a Minotaur Hunter on Oct 21, 2022.
             Killed by divine providence
             ... invoked by an orc priest
              (13 damage)
             ... on level 3 of the Dungeon.
             The game lasted 00:02:55 (2345 turns).

safid the Shooter (Minotaur Hunter)                 Turns: 2345, Time: 00:02:56

Health: -5/67      AC: 22    Str: 16    XL:     5   Next: 72%
Magic:  4/4        EV:  2    Int:  6    God:
Gold:   172        SH:  0    Dex: 15    Spells: 4/4 levels left

rFire   . . .      SeeInvis .   a - +0 shortbow
rCold   . . .      Faith    .   (shield currently unavailable)
rNeg    . . .      Spirit   .   (body armour currently unavailable)
rPois   +          Reflect  .   (helmet currently unavailable)
rElec   .          Harm     .   (cloak currently unavailable)
rCorr   .          Rampage  .   (gloves currently unavailable)
Will    .....      NoTele   +   (boots currently unavailable)
Stlth   ++........              (no amulet)
HPRegen 0.21/turn               (no ring)
MPRegen 0.09/turn               (no ring)

@: tree-form, slowed, very slow
A: stationary, stasis, torment immunity, boosted hp, (horns 2), (retaliatory
headbutt)
a: no special abilities


You were on level 3 of the Dungeon.
You were a tree.
You visited 1 branch of the dungeon, and saw 3 of its levels.

You collected 172 gold pieces.

Inventory:

Hand Weapons
 a - a +0 shortbow (weapon)
Armour
 m - a +0 ring mail (melded)
Jewellery
 b - an amulet of regeneration
 k - a ring of fire
Scrolls
 c - a scroll of fear {unknown}
 d - a scroll of magic mapping {unknown}
 e - 2 scrolls of noise {unknown}
 f - a scroll of enchant armour {unknown}
 h - a scroll of blinking {unknown}
 i - a scroll of butterflies {unknown}
 n - a scroll of summoning {unknown}
 o - a scroll of vulnerability {unknown}
Potions
 g - a potion of cancellation {unknown}
 j - a potion of flight {unknown}
 l - a potion of lignification


   Skills:
 - Level 3.0 Fighting
 + Level 7.6 Ranged Weapons
 - Level 2.1 Dodging
 - Level 0.7 Stealth


You had 4 spell levels left.
You didn't know any spells.
Your spell library contained the following spells:

 Spells                   Type           Power      Damage    Failure   Level
 Foxfire                  Conj/Fire      0%         2x1d4     45%         1
 Static Discharge         Conj/Air       0%         3-3/arc   58%         2
 Conjure Flame            Conj/Fire      0%         6-21      83%         3
 Inner Flame              Hex/Fire       0%         N/A       83%         3
 Ozocubu's Armour         Ice            0%         N/A       83%         3
 Dispel Undead            Necr           0%         3d6       99%         4
 Flame Wave               Conj/Fire      0%         2d4       99%         4
 Sticky Flame             Conj/Fire      0%         2d3       99%         4
 Ozocubu's Refrigeration  Ice            0%         4d7       100%        7


Dungeon Overview and Level Annotations

Branches:
Dungeon (3/15)

Altars:

Annotations:
D:3 Natasha


Innate Abilities, Weirdness & Mutations

You are a tree.
Your roots penetrate the ground, keeping you stationary.
You cannot be teleported.
You are immune to unholy pain and torment.
Your maximum health is greatly increased.
Your equipment is partially melded.
((You have a pair of horns on your head.))
((You reflexively headbutt those who attack you in melee.))


Message History

You feel as though you will be slow longer.
The orc misses you. The orc barely misses you.
You shoot an arrow. The arrow hits the orc.
You kill the orc!
The orc barely misses you. The orc hits you with a +0 hand axe.
You shoot an arrow. The arrow hits the orc.
The orc is lightly wounded.
The orc hits you with a +0 mace. The orc closely misses you.
Natasha growls.
The orc hits you with a +0 mace.
The orc priest calls down the wrath of Beogh upon you.
Beogh smites you!
The orc priest invokes the aid of Beogh against you.
Beogh smites you!
* * * LOW HITPOINT WARNING * * *
Natasha stares at you and mumbles some strange words.
You feel as though you will be slow longer.
Really attack while wielding your +0 shortbow?
Okay, then.
Unknown command.
Unknown command.
It was a potion of lignification.
You turn into a tree.
Your +0 ring mail melds into your body.
Your roots penetrate the ground.
The orc hits you but does no damage. The orc hits you with a +0 hand axe.
* * * LOW HITPOINT WARNING * * *
The orc priest looks encouraged for a moment.
Natasha barely misses you. The orc hits you but does no damage.
The orc hits you with a +0 hand axe.
* * * LOW HITPOINT WARNING * * *
Natasha claws you but does no damage.
Unknown command.
Fire: a) +0 shortbow
Press: ? - help, Q - select action Shift-Dir - straight line, f/p - orc
Aim: an orc, wielding a +0 hand axe and wearing a +0 leather armour (lightly wounded, 63% to hit)
You shoot an arrow. The arrow hits the orc.
The orc is almost dead.
The orc hits you but does no damage. x2
The orc priest invokes the aid of Beogh against you.
Beogh smites you!
You die...

#..# #..# #..####### .
#..........# ..
####.#######.# ...
#............# ....
#.##...).##..#
.....###o######.##..#
......o.♣....##.#...#
.#...)oh....##.#...#
#..
#..........##.'...###..
#..........####......†.
+..........# ###..##.>.
#..........# #.........
#.?........# #.........
####.#.#######.........
#.#.................


You could see an orc priest, Natasha and 2 orcs.

Vanquished Creatures
  2 orc priests (D:3)
  Natasha (D:3)
  Terence (D:3)
  A gnoll (D:3)
  2 adders
  A worm (D:2)
  4 dart slugs
  9 orcs (D:3)
  10 ball pythons
  6 endoplasms
  4 giant cockroaches
  5 goblins
  6 hobgoblins
  3 jackals (D:3)
  5 kobolds
  2 quokkas
  7 bats
  2 frilled lizards
  5 rats
76 creatures vanquished.

Notes
Turn   | Place    | Note
-------+----------+-------------------------------------------
     0 | D:1      | safid the Minotaur Hunter began the quest for the Orb.
     0 | D:1      | Reached XP level 1. HP: 18/18 MP: 0/0
    95 | D:1      | Reached XP level 2. HP: 25/25 MP: 1/1
   208 | D:1      | Reached skill level 5 in Ranged Weapons
   300 | D:1      | Found a faded altar of an unknown god.
   373 | D:1      | Reached XP level 3. HP: 31/31 MP: 2/2
  1225 | D:2      | Reached XP level 4. HP: 37/38 MP: 3/3
  1274 | D:2      | Reached skill level 6 in Ranged Weapons
  1701 | D:3      | Reached XP level 5. HP: 18/45 MP: 4/4
  1976 | D:3      | Reached skill level 7 in Ranged Weapons
  2200 | D:3      | Noticed Natasha
  2209 | D:3      | Killed Natasha
  2302 | D:3      | Noticed Terence
  2308 | D:3      | Killed Terence
  2338 | D:3      | Noticed Natasha
  2345 | D:3      | Killed from afar by an orc priest

Illustrated notes

Levels and vault maps discovered:
D:1:      scummos_arrival_hexagon, layout_rooms,
          dilly_ecumenical_altar_fadedgnrine, corexii_leaking_fountain
D:2:      kennysheep_big_flooded_room, layout_loops_ring,
          kennysheep_generic_room_13
D:3:      layout_basic, chequers_serial_rivers_large_a, uniq_natasha,
          uniq_terence

Skill      XL: |  1  2  3  4  5 |
---------------+----------------+-----
Fighting       | 3 |  3.0
Ranged Weapons | 5 6 7 |  7.6
Dodging        | |  2.1
Stealth        | |  0.7

Action                   |  1- 3 |  4- 6 || total
-------------------------+-------+-------++-------
 Fire: Shortbow          |   122 |    91 ||   213
  Use: Potion            |       |     1 ||     1
Armor: Leather armour    |    12 |       ||    12
       Ring mail         |    14 |     9 ||    23
       Skin              |       |     5 ||     5
Dodge: Dodged            |    32 |    26 ||    58
